 Dungeon Crawl Stone Soup version 0.25.1-2-g60ff931df9 (webtiles) character file.

Game seed: 6399245142480060077

157 DildoBatman the Conjurer (level 5, 0/35 HPs)
             Began as a Formicid Wizard on Aug 5, 2020.
             Succumbed to miscasting Mephitic Cloud's poison
             ... on level 3 of the Dungeon.
             The game lasted 00:06:44 (3668 turns).

DildoBatman the Conjurer (Formicid Wizard)          Turns: 3668, Time: 00:06:45

Health: 0/35       AC:  8    Str: 12    XL:     5   Next: 66%
Magic:  6/9        EV: 10    Int: 18    God:
Gold:   136        SH:  0    Dex:  9    Spells: 3/10 levels left

rFire    . . .     SeeInvis +   r - +0 flail
rCold    . . .     Gourm    .   (no shield)
rNeg     . . .     Faith    .   n - +2 ring mail "Wuvoguxe" {rCorr}
rPois    .         Spirit   .   (helmet unavailable)
rElec    .         Reflect  .   (no cloak)
rCorr    +         Harm     .   m - +0 pair of gloves
MR       .....                  (no boots)
Stlth    +.........             (no amulet)
HPRegen  0.11/turn              (no ring)
MPRegen  0.11/turn              (no ring)

@: lethally poisoned (0 -> -4), very slightly contaminated
A: permanent stasis, dig shafts and tunnels, four strong arms, antennae 3
a: Dig, Shaft Self


You were on level 3 of the Dungeon.
You were not hungry.

You visited 1 branch of the dungeon, and saw 4 of its levels.

You collected 136 gold pieces.

Inventory:

Hand Weapons
 d - a +0 dagger
 q - a +0 short sword
 r - a +0 flail (weapon)
Missiles
 e - 208 stones (quivered)
 i - 12 boomerangs
 j - 60 arrows
 l - 8 poisoned darts
 u - 12 sling bullets
Armour
 a - a +0 robe
 m - a +0 pair of gloves (worn)
 n - the +2 ring mail "Wuvoguxe" (worn) {rCorr}
   (You found it on level 4 of the Dungeon)

   It provides partial protection from all sources of acid and corrosion.
Wands
 o - a wand of disintegration (16)
Scrolls
 b - a scroll of fear
 g - a scroll of enchant armour {unknown}
 h - a scroll of identify {unknown}
 p - a scroll of enchant weapon {unknown}
 t - a scroll of teleportation {unknown}
 w - a scroll of noise {unknown}
 x - 3 scrolls of remove curse
Potions
 c - 4 potions of haste {unknown}
 f - a potion of heal wounds {unknown}
 k - a potion of magic {unknown}
 s - a potion of degeneration {unknown}
Comestibles
 v - 4 rations
 z - a chunk of flesh


   Skills:
 - Level 1.7 Dodging
 - Level 2.4 Stealth
 - Level 3.2 Spellcasting
 * Level 4.6 Conjurations
   Level 1.0 Summonings
   Level 0.8 Translocations


You had 3 spell levels left.
You knew the following spells:

 Your Spells              Type           Power        Failure   Level  Hunger
a - Conjure Flame         Conj/Fire      ##......     38%         3    ###....
c - Magic Dart            Conj           ###.         5%          1    None
e - Mephitic Cloud        Conj/Pois/Air  #.......     50%         3    ###....

Your spell library contained the following spells:

 Spells                   Type           Power        Failure   Level  Hunger
 Summon Small Mammal      Summ           #...         24%         1    None
 Apportation              Tloc           #.....       26%         1    None
 Animate Skeleton         Necr           N/A          36%         1    None
 Corona                   Hex            #......      36%         1    None
 Call Imp                 Summ           #.......     36%         2    ##.....
 Slow                     Hex            #.......     50%         2    ##.....
 Blink                    Tloc           Unusable     N/A         2    N/A

Dungeon Overview and Level Annotations

Branches:
Dungeon (4/15)
 Temple: D:4-7

Altars:
Ashenzari
Makhleb
Trog
The Shining One

Annotations:
D:1 Terence
D:2 1 exclusion
D:3 exclusions: goblin and sensed monster (detected)


Innate Abilities, Weirdness & Mutations

You cannot be hasted, slowed, berserked, paralysed or teleported.
You can dig through walls and to a lower floor.
Your four strong arms can wield two-handed weapons with a shield.
You have a pair of large antennae on your head. (SInv)


Message History

Your magical contamination has completely faded away.
You start resting.
Magic restored.
You climb downwards.
There is a stone staircase leading up here.
Casting: Mephitic Cloud (extremely dangerous; 50% risk of failure)
Confirm with . or Enter, or press ? or * to list all spells.
The spell is extremely dangerous to cast (50% risk of failure)!
Continue anyway?
Aiming: Mephitic Cloud (extremely dangerous; 50% risk of failure)
Press: ? - help, Shift-Dir - straight line, f - orc wizard
Aim: an orc wizard, wielding a +0 dagger of protection and wearing a +0 robe You miscast Mephitic Cloud.
You are very lightly contaminated with residual magic.
You feel odd!
You are poisoned.
You feel sick.
The orc wizard hits you with a +0 dagger of protection.
You climb upwards.
Level annotation: exclusions: goblin and sensed monster (detected)
You die...

######## #.......
##########.#####÷ #...........#
#. #####.########..####. ##
#...@.# #........ .##########
#..o..#######........ ..........#
#.....##....#........ .########.#
#.....'.............. ....# #.#
#.....#......#..####. .##.# #.#
#.....#......#..# #. .##.#####.#
######....##....####.
#....#....########....###÷.......
#....#........................###


You could see an orc wizard.

Vanquished Creatures
  A hound (D:3)
  A worker ant zombie (D:3)
  4 adders (D:2)
  An ooze (D:1)
  2 dart slugs (D:1)
  2 leopard geckos (D:1)
  3 orcs (D:3)
  A ball python (D:3)
  A giant cockroach (D:3)
  4 goblins
  5 hobgoblins
  10 jackals
  8 kobolds
  12 bats
  6 frilled lizards
  7 rats
68 creatures vanquished.

Notes
Turn   | Place    | Note
-------+----------+-------------------------------------------
     0 | D:1      | DildoBatman the Formicid Wizard began the quest for the
                  | Orb.
     0 | D:1      | Reached XP level 1. HP: 13/13 MP: 4/4
    69 | D:1      | Reached skill level 1 in Conjurations
   190 | D:1      | Reached XP level 2. HP: 19/19 MP: 0/6
   307 | D:1      | Reached skill level 2 in Conjurations
   563 | D:1      | Reached XP level 3. HP: 16/24 MP: 1/7
   584 | D:1      | Learned a level 3 spell: Conjure Flame
   588 | D:1      | Learned a level 3 spell: Mephitic Cloud
  1131 | D:1      | Reached skill level 3 in Conjurations
  1313 | D:2      | Reached XP level 4. HP: 30/30 MP: 0/8
  1393 | D:2      | Noticed Terence
  1500 | D:2      | Found a shattered altar of Ashenzari.
  2189 | D:2      | Found a bloodstained altar of Trog.
  2489 | D:3      | Reached skill level 4 in Conjurations
  2489 | D:3      | Reached XP level 5. HP: 32/35 MP: 1/9
  2858 | D:3      | Found a glowing golden altar of the Shining One.
  2859 | D:3      | Found a burning altar of Makhleb.
  3555 | D:4      | Got a crude ring mail
  3576 | D:4      | Identified the +2 ring mail "Wuvoguxe" {rCorr} (You found
                  | it on level 4 of the Dungeon)
  3667 | D:4      | HP: 1/35 [orc wizard/+0 dagger of protection (2)]
  3668 | D:3      | Succumbed to miscasting Mephitic Cloud's poison

Illustrated notes

Levels and vault maps discovered:
D:1:      sevenhm_arrival_forest_fort_small_3, layout_basic,
          hangedman_decor_peaks_small
D:2:      layout_basic, nicolae_ashenzari_panopticon, lightli_temple_of_fire,
          first_ration, uniq_terence
D:3:      layout_basic, chequers_temple_overflow_statue_of_worship, uniq_robin
D:4:      layout_loops_ring, serial_bayou, serial_bayou_crossing,
          serial_bayou_pond_e, serial_bayou_lake_a, serial_bayou_shore_a

Skill      XL: |  1  2  3  4 |
---------------+-------------+-----
Conjurations   | 1 2 3 4 |  4.6
Dodging        | |  1.7
Stealth        | |  2.4
Spellcasting   | |  3.2
Summonings     | |  1.0
Translocations | |  0.8

Action                   |  1- 3 |  4- 6 || total
-------------------------+-------+-------++-------
Melee: Dagger            |    12 |     2 ||    14
       Flail             |       |     6 ||     6
 Cast: Magic Dart        |    74 |    92 ||   166
       Conjure Flame     |       |     1 ||     1
       Mephitic Cloud    |       |     1 ||     1
 Abil: Dig               |     2 |     8 ||    10
  Use: Scroll            |       |     2 ||     2
  Eat: Chunk             |     1 |     8 ||     9
Armor: Robe              |     1 |     7 ||     8
       Ring mail         |       |     3 ||     3
Dodge: Dodged            |    21 |    23 ||    44
